 Dungeon Crawl Stone Soup version 0.23.2-1-ga50397a6bc (webtiles) character file.

Game seed: 194804960008148244

953 OMOHnopBeT the Shield-Bearer (level 7, -11/63 HPs)
             Began as a Minotaur Fighter on May 18, 2019.
             Mangled by Duvessa
             ... wielding a +0 rapier of electrocution
              (15 damage)
             ... on level 4 of the Dungeon.
             The game lasted 00:13:53 (2526 turns).

OMOHnopBeT the Shield-Bearer (Minotaur Fighter)     Turns: 2526, Time: 00:13:53

Health: -11/63     AC: 15    Str: 22    XL:     7   Next: 90%
Magic:  6/6        EV:  9    Int:  5    God:
Gold:   145        SH: 10    Dex: 10    Spells: 6/6 levels left

rFire    + + .     SeeInvis .   b - +5 flail (venom)
rCold    x . .     Gourm    .   c - +0 shield
rNeg     + . .     Faith    .   n - +0 pearl dragon scales
rPois    .         Spirit   .   (helmet restricted)
rElec    .         Reflect  .   l - +0 cloak
rCorr    .         Harm     .   u - +0 pair of gloves
MR       .....                  (no boots)
Stlth    ..........             (no amulet)
HPRegen  0.20/turn              p - ring of protection from fire
MPRegen  0.10/turn              s - ring of fire

@: lethally poisoned (-11 -> -15)
A: retaliatory headbutt, horns 2
a: no special abilities


You were on level 4 of the Dungeon.
You were not hungry.

You visited 1 branch of the dungeon, and saw 4 of its levels.

You collected 145 gold pieces.

Inventory:

Hand Weapons
 b - a +5 flail of venom (weapon)
Armour
 c - a +0 shield (worn)
 l - a +0 cloak (worn)
 n - +0 pearl dragon scales (worn)
 u - a +0 pair of gloves (worn)
Jewellery
 p - a ring of protection from fire (left hand)
 s - a ring of fire (right hand)
Scrolls
 g - a scroll of noise {unknown}
 j - a scroll of fog {unknown}
 k - a scroll of fear {unknown}
 m - 2 scrolls of remove curse {unknown}
 o - a scroll of immolation {unknown}
 q - a scroll of teleportation {unknown}
 r - a scroll of enchant armour {unknown}
Potions
 e - a potion of haste
Comestibles
 f - 5 rations


   Skills:
 + Level 6.1 Fighting
 + Level 5.3 Maces & Flails
 + Level 6.1 Armour
 + Level 3.9 Dodging
 + Level 6.1 Shields


You had 6 spell levels left.
You didn't know any spells.
Your spell library was empty.

Dungeon Overview and Level Annotations

Branches:
Dungeon (4/15)
 Temple: D:4-7

Altars:
Trog

Annotations:
D:4 Dowan, Duvessa, Ijyb


Innate Abilities, Weirdness & Mutations

You reflexively headbutt those who attack you in melee.
You have a pair of horns on your head.


Message History

Okay, then.
A leopard gecko comes into view.
The leopard gecko hisses menacingly.
You hear a zap.
You hear a grinding noise.
* * * LOW HITPOINT WARNING * * *
You feel sick.
A bullfrog skeleton comes into view.
Dowan casts a spell at Duvessa.
Duvessa seems to speed up.
* * * LOW HITPOINT WARNING * * *
You feel sick.
Ijyb the Twisted Goblin comes into view.
She is wielding a +0 club and carrying a wand of digging (4).
You feel yourself slow down.
* * * LOW HITPOINT WARNING * * *
You feel sick.
Dowan mumbles some strange words.
Dowan blinks!
The leopard gecko hisses menacingly.
Duvessa hits you but does no damage.
You are electrocuted!
You die...

#. #.### .. ###.... ...
#...... ##.# # #.#....
####.p# .#
.......###....####..##..
.###...#l.......<.......
.......@ea.ยง......>.#...
...#.#.#..s.........#
#.#.......<.......
..#Z...............
.......w............
#....................
....#...?............
...g.#####.........(.
#... .......##..


You could see Duvessa, Ijyb, a worm, a scorpion, a worker ant, a leopard gecko,
a bullfrog skeleton and a neutral freed slave (wandering).

Vanquished Creatures
  Pikel (D:3)
  Sigmund (D:3)
  Edmund (D:3)
  2 slaves (D:3)
  A howler monkey (D:3)
  A hound (D:3)
  6 gnolls (D:3)
  5 adders
  2 oozes (D:3)
  2 worms
  A dart slug (D:2)
  A leopard gecko (D:3)
  5 giant cockroaches
  4 goblins
  7 hobgoblins
  6 jackals (D:2)
  7 kobolds
  A ball python (D:2)
  8 bats
  4 frilled lizards
  5 rats (D:3)
71 creatures vanquished.

Notes
Turn   | Place    | Note
-------+----------+-------------------------------------------
     0 | D:1      | OMOHnopBeT the Minotaur Fighter began the quest for the
                  | Orb.
     0 | D:1      | Reached XP level 1. HP: 19/19 MP: 0/0
   892 | D:2      | Reached XP level 2. HP: 22/27 MP: 1/1
  1073 | D:2      | Found a bloodstained altar of Trog.
  1121 | D:2      | Reached XP level 3. HP: 28/33 MP: 2/2
  1395 | D:2      | Found a faded altar of an unknown god.
  1679 | D:2      | Reached XP level 4. HP: 40/40 MP: 3/3
  1859 | D:3      | Reached skill level 1 in Dodging
  2100 | D:3      | Reached XP level 5. HP: 47/47 MP: 4/4
  2211 | D:3      | Noticed Sigmund
  2230 | D:3      | Killed Sigmund
  2230 | D:3      | Reached skill level 5 in Fighting
  2230 | D:3      | Reached skill level 5 in Armour
  2230 | D:3      | Reached skill level 5 in Shields
  2230 | D:3      | Reached XP level 6. HP: 56/56 MP: 5/5
  2337 | D:4      | Noticed a slave
  2346 | D:4      | Noticed a slave
  2349 | D:4      | Noticed Pikel
  2352 | D:3      | Killed a slave
  2361 | D:3      | Killed a slave
  2464 | D:4      | Noticed Edmund
  2484 | D:3      | Killed Pikel
  2484 | D:3      | Reached skill level 5 in Maces & Flails
  2484 | D:3      | Reached XP level 7. HP: 32/62 MP: 6/6
  2496 | D:3      | Killed Edmund
  2518 | D:4      | Noticed Duvessa
  2518 | D:4      | Noticed Dowan
  2523 | D:4      | Noticed Ijyb
  2526 | D:4      | Mangled by Duvessa

Skill      XL: |  1  2  3  4  5  6  7 |
---------------+----------------------+-----
Armour         | 4 5 6 |  6.1
Fighting       | 4 5 6 |  6.1
Shields        | 4 5 6 |  6.1
Maces & Flails | 3 4 5 |  5.3
Dodging        | 1 2 3 |  3.9

Action                   |  1- 3 |  4- 6 |  7- 9 || total
-------------------------+-------+-------+-------++-------
Melee: Flail             |    90 |   103 |    12 ||   205
       Headbutt          |    12 |    20 |     5 ||    37
  Use: Scroll            |       |     3 |       ||     3
       Potion            |       |     2 |       ||     2
  Eat: Chunk             |     2 |     3 |       ||     5
Armor: Scale mail        |    25 |       |       ||    25
       Pearl dragon scal |    24 |    50 |     5 ||    79
Dodge: Dodged            |    36 |    42 |     2 ||    80
Block: Shield            |    49 |    55 |     2 ||   106
